 Dungeon Crawl Stone Soup version 0.23.2-40-g277498a (webtiles) character file.

Game seed: 10782038509724686722

72 Fang the Skirmisher (level 4, -1/29 HPs)
             Began as a Gargoyle Berserker on Sept 6, 2019.
             Was a Believer of Trog.
             Slain by a jackal (3 damage)
             ... while paralysed
             ... on level 2 of the Dungeon.
             The game lasted 00:01:02 (1313 turns).

Fang the Skirmisher (Gargoyle Berserker)            Turns: 1313, Time: 00:01:02

Health: -1/29      AC:  5    Str: 19    XL:     4   Next: 26%
Magic:  4/4        EV:  2    Int:  7    God:    Trog [**....]
Gold:   71         SH:  0    Dex:  6    Spells: 3/3 levels left

rFire    . . .     SeeInvis .   a - +0 hand axe
rCold    . . .     Gourm    .   (no shield)
rNeg     + . .     Faith    .   b - +0 animal skin
rPois    ∞         Spirit   .   (no helmet)
rElec    +         Reflect  .   (no cloak)
rCorr    .         Harm     .   (no gloves)
MR       .....                  (no boots)
Stlth    +.........             (no amulet)
HPRegen  0.09/turn              j - -3 ring of strength (curse)
MPRegen  0.09/turn              i - -3 ring of dexterity (curse)

@: paralysed, berserk cooldown, slowed
A: negative energy resistance 1, electricity resistance, unbreathing,
petrification resistance, rot immunity, AC +3
a: Berserk, Trog's Hand, Renounce Religion


You were on level 2 of the Dungeon.
You worshipped Trog.
Trog was pleased with you.
You were very hungry.

You visited 1 branch of the dungeon, and saw 2 of its levels.

You collected 71 gold pieces.

Inventory:

Hand Weapons
 a - a +0 hand axe (weapon)
Armour
 b - a +0 animal skin (worn)
Jewellery
 i - a cursed -3 ring of dexterity (right hand)
 j - a cursed -3 ring of strength (left hand)
Scrolls
 e - a scroll of identify {unknown}
 f - 2 scrolls of remove curse {unknown}
 h - 2 scrolls of blinking {unknown}
 m - 3 scrolls of random uselessness {unknown}
Potions
 g - a potion of ambrosia {unknown}
 k - a potion of heal wounds {unknown}
 l - a potion of haste {unknown}
Comestibles
 c - 4 rations
 d - 4 chunks of flesh


   Skills:
 + Level 3.9 Fighting
 + Level 3.2 Axes
 + Level 3.0 Armour
 + Level 2.2 Dodging


You had 3 spell levels left.
You didn't know any spells.
Your spell library was empty.

Dungeon Overview and Level Annotations

Branches:
Dungeon (2/15)

Altars:


Innate Abilities, Weirdness & Mutations

You are resistant to torment.
Your stone body is resilient. (AC +3)
You are immune to poison.
You resist negative energy. (rN+)
You are resistant to electric shocks. (rElec)
You can survive without breathing.
You are immune to petrification.
You are immune to rotting.


Message History

The jackal bites you.
* * * LOW HITPOINT WARNING * * *
The jackal closely misses you.
You see here a +2 whip of venom.
You closely miss the jackal. x2
You are no longer berserk.
You pass out from exhaustion.
You feel yourself slow down.
The jackal bites you but does no damage.
The jackal bites you.
* * * LOW HITPOINT WARNING * * *
The jackal bites you but does no damage.
The jackal bites you.
* * * LOW HITPOINT WARNING * * *
The jackal bites you but does no damage.
The jackal bites you.
* * * LOW HITPOINT WARNING * * *
The jackal bites you but does no damage.
The jackal bites you.
You die...

#. .# # #. .# # #.# .# #
#.. .# # #.. .# #
#####.. .# #########...
#.h#.# ........#.#
#.h@.# ####
..........##.###(##.....
#######.#.##....)...#
#..# #####.####
###÷#######....###.#
#...................
#.#..#>........####
#.##...####..### # ###.#
#(.#


You could see 2 jackals.

Vanquished Creatures
  4 gnolls (D:2)
  A dart slug (D:2)
  A leopard gecko (D:1)
  5 bats (D:1)
  3 goblins
  6 hobgoblins
  3 jackals (D:1)
  3 kobolds
  A quokka (D:2)
  A frilled lizard (D:2)
  2 rats (D:1)
30 creatures vanquished.

Notes
Turn   | Place    | Note
-------+----------+-------------------------------------------
     0 | D:1      | Fang the Gargoyle Berserker began the quest for the Orb.
     0 | D:1      | Reached XP level 1. HP: 14/14 MP: 1/1
   219 | D:1      | Reached XP level 2. HP: 8/19 MP: 2/2
  1057 | D:2      | Reached XP level 3. HP: 17/23 MP: 3/3
  1307 | D:2      | Reached XP level 4. HP: 10/29 MP: 4/4
  1308 | D:2      | Reached ** piety under Trog
  1313 | D:2      | Slain by a jackal

Skill      XL: |  1  2  3 |
---------------+----------+-----
Axes           | 3 |  3.2
Dodging        | 2 |  2.2
Armour         | 3 |  3.0
Fighting       | |  3.9

Action                   |  1- 3 |  4- 6 || total
-------------------------+-------+-------++-------
Melee: Hand axe          |   119 |     2 ||   121
Invok: Berserk           |     1 |       ||     1
  Eat: Chunk             |     1 |       ||     1
Armor: Animal skin       |    45 |     4 ||    49
Dodge: Dodged            |    86 |     2 ||    88
